[Event "*** Titled Tuesday Blitz"]
[Site "Chess.com"]
[Date "2019.04.02"]
[Round "10"]
[White "vgyogi"]
[Black "FedaMaster"]
[Result "0-1"]
[WhiteElo "2163"]
[BlackElo "2594"]
[TimeControl "180+2"]
[EndTime "16:13:30 PDT"]
[Termination "FedaMaster won by checkmate"]

1. d4 Nf6 2. Bg5 Ne4 3. Bf4 c5 4. f3 Qa5+ 5. c3 Nf6 6. d5 e6 7. e4 Be7 8. Na3 O-O 9. Bd3 exd5 10. exd5 Re8 11. Ne2 c4 12. Nxc4 Qxd5 13. O-O Nc6 14. Kh1 Nh5 15. Bxh7+ Kxh7 16. Qxd5 Nf6 17. Qd3+ Kg8 18.
Rae1 d5 19. Ne5 Nh5 20. Nxc6 bxc6 21. Bd2 a5 22. Qd4 Bf6 23. Qc5 Ba6 24. Ng3 Nxg3+ 25. hxg3 Bxf1 26. Rxf1 Rad8 27. Qxc6 d4 28. cxd4 Bxd4 29.
Bc3 Re6 30. Qc7 Rh6# 0-1

[Event "*** Titled Tuesday Blitz"]
[Site "Chess.com"]
[Date "2019.04.02"]
[Round "10"]
[White "scaryninja"]
[Black "Kirill_Klukin"]
[Result "1-0"]
[WhiteElo "2490"]
[BlackElo "2564"]
[TimeControl "180+2"]
[EndTime "16:13:51 PDT"]
[Termination "scaryninja won by resignation"]

1. d4 Nf6 2. Bf4 g6 3. Nc3 d5 4.
e3 Bg7 5. h4 O-O 6. h5 Nxh5 7.
Rxh5 gxh5 8. Qxh5 e6 9. Bd3 f5 10. Nf3 Qe8 11. Qh2 c6 12. Bxb8 c5 13. Be5 c4 14.
Be2 b5 15. Qg3 Rf7 16. Ng5 Bxe5 17. Qxe5 Rg7 18. Nxd5 Qg6 19. f4 Bb7 20. Nf6+ Kh8 21. Nh5 Bd5 22. O-O-O Kg8 23. Nxg7 Qxg7 24. Qxg7+ Kxg7 25. Bf3 h5 26. Nxe6+ 1-0

[Event "*** Titled Tuesday Blitz"]
[Site "Chess.com"]
[Date "2019.04.02"]
[Round "10"]
[White "Alex_Terzi"]
[Black "Zq1"]
[Result "0-1"]
[WhiteElo "2404"]
[BlackElo "2523"]
[TimeControl "180+2"]
[EndTime "16:14:21 PDT"]
[Termination "Zq1 won by resignation"]

1. e4 c5 2. Nf3 d6 3. d4 cxd4 4. Nxd4 Nf6 5. Nc3 Nc6 6. f3 Nxd4 7. Qxd4 g6 8. Be3 Bg7 9. O-O-O O-O 10. Qd2 Be6 11.
g4 Rc8 12. Kb1 Re8 13. Nd5 Bxd5 14. exd5 Qc7 15. Rc1 a6 16. h4 h5 17. g5 Nd7 18. Bh3 Ne5 19. Bxc8 Nc4 20. Qf2 Bxb2 21. Bh3 Bc3 22. Rcd1 Qa5 23. Rd3 Qa3 24. Bc1 Qb4+ 0-1

[Event "*** Titled Tuesday Blitz"]
[Site "Chess.com"]
[Date "2019.04.02"]
[Round "10"]
[White "Manukyan_Artak"]
[Black "Lion_DL"]
[Result "1/2-1/2"]
[WhiteElo "2449"]
[BlackElo "2453"]
[TimeControl "180+2"]
[EndTime "16:14:26 PDT"]
[Termination "Game drawn by agreement"]

1. e4 Nc6 2. Nf3 d6 3. d4 Nf6 4. Nc3 g6 5. d5 Nb8 6. Bg5 Bg7 7. Qd2 h6 8. Be3 Ng4 9. Bd4 Ne5 10. Nxe5 Bxe5 11.
Bxe5 dxe5 12. O-O-O a6 13. f3 Qd6 14. g4 h5 15. g5 Nd7 16. h4 Nb6 17. Kb1 Bd7 18. b3 O-O-O 19. Bh3 Bxh3 20. Rxh3 e6 21. Qe3 exd5 22.
Nxd5 Nxd5 23. Rxd5 Qe6 24. Rxd8+ Rxd8 25. Rh2 Qd6 26. Kb2 Qd4+ 27. Qxd4 Rxd4 28. Kc1 Kd7 29. Rd2 c5 30. c3 Rxd2 31. Kxd2 b5 1/2-1/2

[Event "*** Titled Tuesday Blitz"]
[Site "Chess.com"]
[Date "2019.04.02"]
[Round "10"]
[White "saraswathii"]
[Black "Davor_Rogic"]
[Result "1-0"]
[WhiteElo "2248"]
[BlackElo "2358"]
[TimeControl "180+2"]
[EndTime "16:14:41 PDT"]
[Termination "saraswathii won by resignation"]

1. e4 c5 2. d3 d5 3. Nd2 g6 4.
Ngf3 Bg7 5. g3 Nc6 6. Bg2 Nf6 7. O-O O-O 8. Qe2 e5 9. exd5 Nxd5 10. Nc4 Re8 11.
c3 h6 12. Ne3 Nc7 13. Rd1 Be6 14. Nd2 Qd7 15. Ne4 b6 16. Nc4 Kh7 17. f4 Bg4 18.
Bf3 Bxf3 19. Qxf3 f5 20. Nf2 Rad8 21. fxe5 Nxe5 22. Nxe5 Bxe5 23. Be3 Nd5 24. Bd2 Nf6 25. Be3 Qd5 26. Kg2 g5 27. d4 Qxf3+ 28. Kxf3 cxd4 29. cxd4 Bd6 30. Re1 Nd5 31. Bd2 Kg6 32. Rac1 Rxe1 33.
Rxe1 Kf6 34. h4 g4+ 35. Kg2 h5 36. Bg5+ 1-0

[Event "*** Titled Tuesday Blitz"]
[Site "Chess.com"]
[Date "2019.04.02"]
[Round "10"]
[White "MathiasWomacka"]
[Black "albano87"]
[Result "1-0"]
[WhiteElo "2290"]
[BlackElo "2326"]
[TimeControl "180+2"]
[EndTime "16:14:44 PDT"]
[Termination "MathiasWomacka won by resignation"]

1. e4 c5 2. Nf3 Nc6 3. d4 cxd4 4.
Nxd4 Nf6 5. Nc3 d6 6. Be2 Nxd4 7. Qxd4 g6 8. Bg5 Bg7 9. Nd5 O-O 10. Bxf6 exf6 11. Qb4 f5 12. exf5 Be6 13. fxe6 fxe6 14. Ne3 d5 15. O-O a5 16. Qa3 Qf6 17. c3 b5 18.
Bxb5 Rab8 19. Be2 h5 20. Rad1 h4 21. Bg4 Bh6 22. Qd6 Rxb2 23. Bxe6+ Kg7 24. Ng4 Qf4 25. Qe7+ 1-0

[Event "*** Titled Tuesday Blitz"]
[Site "Chess.com"]
[Date "2019.04.02"]
[Round "10"]
[White "larajanzelj"]
[Black "nochewycandy"]
[Result "0-1"]
[WhiteElo "2329"]
[BlackElo "2364"]
[TimeControl "180+2"]
[EndTime "16:14:47 PDT"]
[Termination "nochewycandy won by resignation"]

1. d4 Nf6 2. Nf3 g6 3. c4 Bg7 4.
Nc3 O-O 5. e4 d6 6. Be2 e5 7. d5 a5 8. Bg5 Na6 9. Nd2 Qe8 10. Nb5 Bd7 11. a4 h6 12. Be3 Qe7 13. O-O Ne8 14. Nb3 b6 15. Qd2 Kh7 16. g4 Qh4 17. f3 f5 18. Bf2 Qh3 19. exf5 gxf5 20. Bd3 Nb4 21. Bg3 h5 22. gxf5 Bxf5 23. Bxf5+ Qxf5 24. Rae1 Bh6 25. Qe2 Rf7 26. Qe4 Ng7 27. Nd2 Bxd2 28. Re2 Bh6 29. Qh4 Qg5 30. Qe4+ Qg6 31.
Qh4 Nf5 32. Qh3 h4 33. Rg2 Ne3 0-1

[Event "*** Titled Tuesday Blitz"]
[Site "Chess.com"]
[Date "2019.04.02"]
[Round "10"]
[White "Off-War"]
[Black "DiogenesSinopeus"]
[Result "1-0"]
[WhiteElo "2634"]
[BlackElo "2448"]
[TimeControl "180+2"]
[EndTime "16:14:54 PDT"]
[Termination "Off-War won by resignation"]

1. a3 a6 2. Ra2 d5 3. c3 e5 4. b3 c5 5. d3 Nc6 6. e3 Nf6 7. f3 Bd6 8. g4 e4 9. dxe4 dxe4 10.
Rd2 Ke7 11. g5 Ne8 12. c4 Qc7 13. Nc3 Be6 14. Nxe4 f5 15. Nxd6 Nxd6 16. Bb2 Rhg8 17. Nh3 g6 18. Nf4 Ne8 19. h4 Ne5 20. Rd5 Nd7 21.
h5 Kf7 22. hxg6+ hxg6 23. Rh7+ Ng7 24. Bxg7 Bxd5 25. Qxd5+ 1-0

[Event "*** Titled Tuesday Blitz"]
[Site "Chess.com"]
[Date "2019.04.02"]
[Round "10"]
[White "pastouche06"]
[Black "gonzaga23"]
[Result "1-0"]
[WhiteElo "2387"]
[BlackElo "2340"]
[TimeControl "180+2"]
[EndTime "16:15:20 PDT"]
[Termination "pastouche06 won by resignation"]

1. d4 Nf6 2. c4 e6 3. Nc3 Bb4 4. e3 O-O 5. Bd3 d5 6. Nf3 dxc4 7. Bxc4 b6 8. O-O Bb7 9. Qe2 Nbd7 10. Rd1 Qe7 11. a3 Bxc3 12. bxc3 Ne4 13. Bb2 c5 14.
Bd3 Rac8 15. a4 Rfd8 16. a5 Ra8 17. Bb5 Nd6 18. Bd3 Be4 19. Ba6 Bb7 20. axb6 axb6 21. Bxb7 Nxb7 22. Rxa8 Rxa8 23. Qb5 Nd6 24. Qc6 Rc8 25.
Qa4 b5 26. Qa7 c4 27. Ba3 f6 28. Qa6 1-0

[Event "*** Titled Tuesday Blitz"]
[Site "Chess.com"]
[Date "2019.04.02"]
[Round "10"]
[White "You_are_not_free"]
[Black "sergeikim"]
[Result "0-1"]
[WhiteElo "2317"]
[BlackElo "2561"]
[TimeControl "180+2"]
[EndTime "16:15:29 PDT"]
[Termination "sergeikim won by resignation"]

1. e4 e5 2. Nf3 Nc6 3. Bb5 a6 4. Ba4 Nf6 5. d4 exd4 6. O-O Be7 7. Re1 O-O 8. e5 Ne8 9. c3 d3 10. Qxd3 d5 11. Bf4 g6 12. Nbd2 Ng7 13. Nd4 Nxd4 14.
cxd4 c6 15. Bh6 Bg5 16. Bxg5 Qxg5 17. Nf3 Qe7 18. Rac1 Bg4 19. h3 Bxf3 20. Qxf3 Qb4 21. Qd1 Nf5 22. Bc2 Nxd4 23. Bd3 Ne6 24. Qe2 Rae8 25.
g3 Nd4 26. Qg4 f5 27. exf6 Rxe1+ 28. Rxe1 Qxe1+ 29. Kg2 Qe6 30. Qxd4 Qxf6 31. Qb6 Qf3+ 32. Kg1 Qxd3 0-1

[Event "*** Titled Tuesday Blitz"]
[Site "Chess.com"]
[Date "2019.04.02"]
[Round "10"]
[White "kikoveiga"]
[Black "BvsN"]
[Result "1-0"]
[WhiteElo "2167"]
[BlackElo "2260"]
[TimeControl "180+2"]
[EndTime "16:15:29 PDT"]
[Termination "kikoveiga won by resignation"]

1. g3 d5 2. Bg2 c6 3. Nf3 Bg4 4.
d3 e6 5. O-O Nf6 6. Nbd2 a5 7.
c4 Bd6 8. b3 O-O 9. Bb2 Nbd7 10. a3 Qe7 11. Ra2 e5 12. Qa1 h6 13. Re1 Rfe8 14. h3 Bf5 15. cxd5 cxd5 16. e4 dxe4 17. dxe4 Be6 18. Nxe5 Nxe5 19. Bxe5 Bxe5 20. Qxe5 a4 21. Qb5 axb3 22. Nxb3 Rxa3 23. Rxa3 Qxa3 24. Nc5 Qc3 25. Rb1 Ba2 26. Rb2 Qc1+ 27. Kh2 Re5 28. Rxa2 Qxc5 29. Qxb7 Rh5 30. Ra8+ Kh7 31. Qc8 Ng4+ 32. Qxg4 1-0

[Event "*** Titled Tuesday Blitz"]
[Site "Chess.com"]
[Date "2019.04.02"]
[Round "10"]
[White "ChessQueen"]
[Black "albi1999"]
[Result "0-1"]
[WhiteElo "2652"]
[BlackElo "2648"]
[TimeControl "180+2"]
[EndTime "16:15:32 PDT"]
[Termination "albi1999 won on time"]

1. e4 e5 2. Nf3 Nc6 3. Bc4 Bc5 4. d3 Nf6 5. Bg5 h6 6. Bh4 d6 7. c3 g5 8. Bg3 a6 9. a4 Ba7 10. Nbd2 Qe7 11. O-O Nh7 12. b4 h5 13. h4 g4 14. Ne1 Nf8 15. b5 Nd8 16. d4 Ng6 17. Nd3 Nxh4 18. dxe5 Ng6 19. exd6 cxd6 20. e5 d5 21.
Bxd5 h4 22. Bf4 Nxf4 23. Nxf4 g3 0-1

[Event "*** Titled Tuesday Blitz"]
[Site "Chess.com"]
[Date "2019.04.02"]
[Round "10"]
[White "FearNoEvil12"]
[Black "XiaoKangZhong"]
[Result "0-1"]
[WhiteElo "2005"]
[BlackElo "2132"]
[TimeControl "180+2"]
[EndTime "16:15:34 PDT"]
[Termination "XiaoKangZhong won by checkmate"]

1. e4 c6 2. d4 d5 3. Nc3 dxe4 4. Nxe4 Nf6 5. Ng3 h5 6. Nf3 h4 7. Ne2 Bg4 8. Nf4 Nd5 9. h3 Bf5 10. Bd3 Nxf4 11. Bxf4 Bxd3 12. Qxd3 Qa5+ 13. c3 Nd7 14.
O-O O-O-O 15. b4 Qh5 16. Rfb1 f6 17. b5 c5 18. b6 a6 19. Qxa6 e5 20. Qa8+ Nb8 21.
dxe5 g5 22. Bh2 g4 23. e6 Bd6 24. e7 gxf3 25. exd8=Q+ Rxd8 26. Rd1 Qg6 27. g4 hxg3 28. fxg3 Bxg3 29. Rxd8+ Kxd8 30. Rd1+ Bd6+ 31. Kf2 Qg2+ 32. Ke3 Qe2# 0-1

[Event "*** Titled Tuesday Blitz"]
[Site "Chess.com"]
[Date "2019.04.02"]
[Round "10"]
[White "ENEASZ"]
[Black "nabukatnezarr"]
[Result "1-0"]
[WhiteElo "2433"]
[BlackElo "2573"]
[TimeControl "180+2"]
[EndTime "16:15:42 PDT"]
[Termination "ENEASZ won by resignation"]

1. e4 c6 2. Nc3 d5 3. Nf3 Bg4 4. d4 dxe4 5. Nxe4 Bxf3 6. Qxf3 Qxd4 7. Be2 Qd8 8. O-O Nd7 9. Bg5 Ngf6 10. Rad1 Nxe4 11.
Qxe4 Qa5 12. Bd2 Qd5 13. Qb4 c5 14. Qa4 Qd4 15. Bb4 e5 16. Rxd4 exd4 17. Bb5 O-O-O 18. Ba5 b6 19. Bxb6 axb6 20. Qa8+ Kc7 21. Qc6+ Kb8 22. Ba6 1-0

[Event "*** Titled Tuesday Blitz"]
[Site "Chess.com"]
[Date "2019.04.02"]
[Round "10"]
[White "ElGasanov"]
[Black "riconaipe"]
[Result "1-0"]
[WhiteElo "2689"]
[BlackElo "2449"]
[TimeControl "180+2"]
[EndTime "16:15:43 PDT"]
[Termination "ElGasanov won by resignation"]

1. d4 d5 2. Bg5 h6 3. Bh4 c5 4.
dxc5 Qa5+ 5. Nc3 e6 6. e4 dxe4 7. b4 Qc7 8. Nb5 Qd7 9. Qxd7+ Kxd7 10. O-O-O+ Kc6 11. Nd4+ Kc7 12. Bg3+ Kd7 13. Nb5+ Kc6 14.
Nc7 a6 15. Nxa8 Nd7 16. Ne2 e5 17. Nc3 Ngf6 18. Bc4 b5 19. Bd5+ Nxd5 20. Nxd5 f5 21. Ndb6 Bxc5 22. bxc5 f4 23. Rd6+ Kxc5 24. Nxc8 Nf6 25.
Nab6 fxg3 26. hxg3 e3 27. fxe3 Ne4 28. Rd5+ Kc6 29.
Rxe5 Nxg3 30. Rd1 Ne2+ 31. Kb2 b4 32. Rd6+ Kc7 33. Re7+ Kb8 34. Rdd7 1-0

[Event "*** Titled Tuesday Blitz"]
[Site "Chess.com"]
[Date "2019.04.02"]
[Round "10"]
[White "ilm2034"]
[Black "Kawhi_Leonard2"]
[Result "1-0"]
[WhiteElo "2440"]
[BlackElo "2208"]
[TimeControl "180+2"]
[EndTime "16:15:44 PDT"]
[Termination "ilm2034 won by resignation"]

1. d4 Nf6 2. Bg5 Ne4 3. Bh4 g5 4. Bg3 c5 5. Qd3 Nxg3 6. hxg3 Qb6 7. Nc3 cxd4 8. Ne4 h6 9. O-O-O Bg7 10. Nf3 d5 11. Ned2 Nc6 12. Nb3 e5 13. e3 e4 14.
Qd2 exf3 15. gxf3 dxe3 16. fxe3 Be6 17. c3 a5 18. Nd4 Nxd4 19. exd4 a4 20. Bd3 a3 21. b3 Rc8 22. Kb1 Qa5 23. Rc1 O-O 24.
f4 Bxd4 25. Rxh6 Rxc3 26. Bh7+ Kg7 27. Qxd4+ f6 28. Rxc3 Kxh6 29. Bc2 Rc8 30. Qxf6+ 1-0

[Event "*** Titled Tuesday Blitz"]
[Site "Chess.com"]
[Date "2019.04.02"]
[Round "10"]
[White "JonahWillow"]
[Black "TregubovP"]
[Result "1-0"]
[WhiteElo "2708"]
[BlackElo "2529"]
[TimeControl "180+2"]
[EndTime "16:15:53 PDT"]
[Termination "JonahWillow won on time"]

1. e4 c5 2. Nf3 e6 3. d4 cxd4 4. Nxd4 Nc6 5. Nc3 Nf6 6. g3 d5 7.
exd5 exd5 8. Bg2 Bg4 9. Nce2 Bc5 10. c3 Nxd4 11. cxd4 Bb4+ 12. Bd2 Qa5 13. a3 Bxd2+ 14.
Qxd2 Qxd2+ 15. Kxd2 O-O-O 16. Nc3 Ne4+ 17. Nxe4 dxe4 18.
Ke3 f5 19. Rac1+ Kb8 20. Rc5 Rhf8 21. Rhc1 Rf7 22. Bf1 1-0

[Event "*** Titled Tuesday Blitz"]
[Site "Chess.com"]
[Date "2019.04.02"]
[Round "10"]
[White "Sajkochess"]
[Black "gmjoey1"]
[Result "0-1"]
[WhiteElo "2334"]
[BlackElo "2530"]
[TimeControl "180+2"]
[EndTime "16:15:59 PDT"]
[Termination "gmjoey1 won by resignation"]

1. e4 c6 2. d4 d5 3. Nd2 dxe4 4. Nxe4 Nf6 5. Nxf6+ exf6 6. c3 Bd6 7. Bd3 O-O 8.
Ne2 Re8 9. O-O Nd7 10. Bf4 Bf8 11. Ng3 Nb6 12. Qc2 g6 13. Ne4 Nd5 14. Bg3 f5 15.
f3 Ne3 16. Qf2 Nxf1 17. Rxf1 fxe4 18. fxe4 Be6 19. Bh4 Be7 20. Bg3 f6 21. b3 Qd7 22.
Bc4 Bxc4 23. bxc4 Rf8 24. Qf4 Rae8 25. Qh6 Qe6 26. e5 fxe5 27. Bxe5 Rxf1+ 28. Kxf1 Qf7+ 29. Kg1 Bf6 0-1

[Event "*** Titled Tuesday Blitz"]
[Site "Chess.com"]
[Date "2019.04.02"]
[Round "10"]
[White "NikolaN98"]
[Black "DanielMieles1985"]
[Result "0-1"]
[WhiteElo "2523"]
[BlackElo "2662"]
[TimeControl "180+2"]
[EndTime "16:15:59 PDT"]
[Termination "DanielMieles1985 won by resignation"]

1. e4 e5 2. Nf3 Nc6 3. Bc4 Bc5 4. O-O Nf6 5. d3 d6 6. c3 O-O 7. b4 Bb6 8. a4 a5 9. b5 Ne7 10. Bg5 Ng6 11. Nh4 Kh8 12. Kh1 Nf4 13. Qd2 h6 14. Bxf4 exf4 15. Qxf4 Nh5 16. Qf3 Qxh4 17. d4 Bg4 18. Qe3 Rae8 19. Nd2 f5 20. g3 Qh3 21.
f4 fxe4 22. Kg1 Be6 23. Be2 Nf6 24. Rfe1 Nd5 25. Qxe4 Nxc3 26. Qd3 Bd5 27. Bf3 Bxf3 28. Nxf3 Nd5 29. Nh4 Nxf4 30. Rxe8 Rxe8 31. Qf3 Bxd4+ 32. Kh1 Bxa1 0-1

[Event "*** Titled Tuesday Blitz"]
[Site "Chess.com"]
[Date "2019.04.02"]
[Round "10"]
[White "Sanyura"]
[Black "KarstenHansch"]
[Result "1-0"]
[WhiteElo "2446"]
[BlackElo "2341"]
[TimeControl "180+2"]
[EndTime "16:16:02 PDT"]
[Termination "Sanyura won by checkmate"]

1. e4 c5 2. Nf3 d6 3. d4 cxd4 4. Nxd4 Nf6 5. Nc3 a6 6. h3 e6 7. g4 Be7 8. Be3 b5 9. a3 Bb7 10. Bg2 Nc6 11. Qe2 Nd7 12. O-O Qc7 13. f4 Nxd4 14.
Bxd4 e5 15. Be3 exf4 16. Bxf4 Ne5 17. Bxe5 dxe5 18. Nd5 Qc5+ 19. Kh1 Rc8 20. Rf2 Bh4 21.
Rf5 f6 22. g5 Bxd5 23. exd5 Qxc2 24. Qg4 Bxg5 25. Rxg5 fxg5 26. Qe6+ Kd8 27. Qd6+ Ke8 28. Qxe5+ Kd7 29. Qxg7+ Kd6 30. Rf1 Rhe8 31. b4 Re7 32. Qxg5 Qe2 33. Rf6+ Kd7 34. Qf5+ Kc7 35. Rc6+ Kb7 36.
Qxc8+ Ka7 37. Rxa6# 1-0

[Event "*** Titled Tuesday Blitz"]
[Site "Chess.com"]
[Date "2019.04.02"]
[Round "10"]
[White "Chessialist"]
[Black "PaulfromSPb"]
[Result "0-1"]
[WhiteElo "2517"]
[BlackElo "2640"]
[TimeControl "180+2"]
[EndTime "16:16:13 PDT"]
[Termination "PaulfromSPb won by resignation"]

1. e4 c5 2. Nf3 d6 3. d4 cxd4 4. Qxd4 a6 5. h3 Nc6 6. Qe3 Nf6 7. Be2 d5 8. e5 d4 9. Qf4 Nd5 10. Qe4 f5 11. exf6 Nxf6 12. Qd3 e5 13. Qd1 e4 14. Nfd2 Bc5 15. O-O O-O 16. Nb3 Ba7 17. Bg5 Bf5 18. N1d2 h6 19. Bh4 Rc8 20. Kh1 Kh8 21. g4 Bh7 22. Bg3 Nd5 23. Nc4 Nf4 24. Qd2 Nxe2 25. Qxe2 Qd5 26. Na3 d3 27. Qe1 e3+ 28. f3 e2 0-1

[Event "*** Titled Tuesday Blitz"]
[Site "Chess.com"]
[Date "2019.04.02"]
[Round "10"]
[White "Benjoneliere44"]
[Black "mbojan"]
[Result "1/2-1/2"]
[WhiteElo "2492"]
[BlackElo "2520"]
[TimeControl "180+2"]
[EndTime "16:16:16 PDT"]
[Termination "Game drawn by agreement"]

1. d4 g6 2. Bf4 Bg7 3. c3 d6 4. e3 e5 5. dxe5 dxe5 6. Qxd8+ Kxd8 7. Bg3 c6 8. a4 f6 9. a5 Be6 10. Na3 Nd7 11. Bc4 Bxc4 12. Nxc4 Ne7 13. f3 Kc7 14. e4 Nc5 15. Bf2 Nd3+ 16. Ke2 Nxf2 17. Kxf2 Rhd8 18. Ne2 Nc8 19. Rhd1 Nd6 20. Nxd6 Rxd6 21.
Rxd6 Kxd6 22. Rd1+ Kc7 23. Nc1 Bf8 24. b4 b6 25. Nb3 Rb8 26. axb6+ axb6 27. Ke2 Ra8 28.
Ra1 Rxa1 29. Nxa1 b5 30. Kd3 Bd6 31. Nc2 Kd7 32. c4 Kc7 33. c5 Be7 34. g4 Bf8 35. h4 Bh6 36. h5 Kd7 37. hxg6 hxg6 38. Ne3 Ke6 39. Ng2 Bc1 40. Kc2 Bh6 41. Kd3 Bg5 42. Kc2 Kf7 43. Kd3 Kg7 44. Ne3 Bxe3 45. Kxe3 g5 46.
Ke2 Kg6 47. Kd1 Kh6 48. Kc1 Kh7 49. Kb1 Kh8 50. Ka1 Kg8 1/2-1/2

[Event "*** Titled Tuesday Blitz"]
[Site "Chess.com"]
[Date "2019.04.02"]
[Round "10"]
[White "TST2014"]
[Black "Gareth-Bale11"]
[Result "1-0"]
[WhiteElo "2530"]
[BlackElo "2672"]
[TimeControl "180+2"]
[EndTime "16:16:20 PDT"]
[Termination "TST2014 won by resignation"]

1. d4 d5 2. c4 e6 3. Nf3 Nf6 4. Nc3 a6 5. cxd5 exd5 6. Bg5 Be6 7. e3 Nbd7 8. Bd3 Bd6 9. Bf4 Qe7 10. O-O O-O 11. Re1 h6 12. a3 c6 13. b4 b5 14. Nd2 Nb6 15. Nb3 Nc4 16. Qc2 a5 17. Bxc4 dxc4 18. Nxa5 Bxf4 19. exf4 Qd7 20. Ne4 Nxe4 21.
Qxe4 Bd5 22. Qe3 Rfe8 23. Qg3 Rxe1+ 24. Rxe1 Re8 25. Re5 f6 26. Re3 Rxe3 27. Qxe3 Qf5 28. h3 Qg6 29. f3 Qc2 30. Qe8+ Kh7 31. Nxc6 c3 32. Ne7 Qc1+ 33. Kf2 Qc2+ 34. Kg3 Qb3 35.
Qg6+ Kh8 36. Nf5 1-0

[Event "*** Titled Tuesday Blitz"]
[Site "Chess.com"]
[Date "2019.04.02"]
[Round "10"]
[White "Bryakin_Mikhail"]
[Black "SolidAsARook"]
[Result "1-0"]
[WhiteElo "2742"]
[BlackElo "2263"]
[TimeControl "180+2"]
[EndTime "16:16:24 PDT"]
[Termination "Bryakin_Mikhail won by resignation"]

1. d4 Nf6 2. c4 e6 3. g3 d5 4. Bg2 Be7 5. Nf3 O-O 6. O-O dxc4 7. Qc2 a6 8. a4 Nc6 9. Rd1 Nb4 10. Qxc4 b5 11. Qb3 Bb7 12. Nc3 bxa4 13. Rxa4 a5 14. Bg5 h6 15. Bxf6 Bxf6 16. e3 Bc6 17. Ra3 Be7 18.
Ne5 Bxg2 19. Kxg2 Bd6 20. Nc4 Ra6 21. Kg1 Qa8 22. Rda1 Nc6 23. Nxd6 cxd6 24. d5 Rb8 25. Qd1 exd5 26. Qxd5 Rxb2 27. Qxd6 Nb4 28. Qd7 Qf3 29. Rf1 Rf6 30. Nd1 Rd2 31. Qxd2 1-0

[Event "*** Titled Tuesday Blitz"]
[Site "Chess.com"]
[Date "2019.04.02"]
[Round "10"]
[White "BlackBoarder"]
[Black "lucasran"]
[Result "0-1"]
[WhiteElo "2496"]
[BlackElo "2414"]
[TimeControl "180+2"]
[EndTime "16:16:24 PDT"]
[Termination "lucasran won by resignation"]

1. e4 c6 2. Nf3 d5 3. Nc3 Bg4 4. h3 Bxf3 5. Qxf3 Nf6 6. d3 e6 7. Bd2 Qb6 8. O-O-O d4 9. Ne2 Na6 10.
g4 Bb4 11. g5 Nd7 12. a3 Bxd2+ 13. Rxd2 e5 14. h4 Nac5 15. h5 Na4 16. b3 Nc3 17. Bh3 Nc5 18. g6 hxg6 19. hxg6 f6 20. Bf5 Ke7 21. Rh7 Rxh7 22. gxh7 Qa5 23. Kb2 Nb5 24. Qg4 Qxa3+ 25. Kb1 g5 26. c4 dxc3 27. Rc2 Qxb3+ 28. Kc1 Nxd3+ 29. Kd1 Nxf2+ 30. Kc1 Nxg4 31. Bxg4 Nd4 32. Nxd4 exd4 33. Rh2 d3 0-1

[Event "*** Titled Tuesday Blitz"]
[Site "Chess.com"]
[Date "2019.04.02"]
[Round "10"]
[White "SloLev"]
[Black "Quiet_Desperation"]
[Result "1-0"]
[WhiteElo "2489"]
[BlackElo "2413"]
[TimeControl "180+2"]
[EndTime "16:16:28 PDT"]
[Termination "SloLev won by resignation"]

1. e4 Nc6 2. d4 d5 3. exd5 Qxd5 4. Nf3 e5 5. dxe5 Qxd1+ 6. Kxd1 Bg4 7. Be2 O-O-O+ 8. Ke1 Bxf3 9. Bxf3 Nxe5 10. Be2 Nf6 11. Nc3 Bb4 12. Bg5 Ne4 13. Bxd8 Nxc3 14. Bh4 Re8 15.
Bg5 Nc6 16. Be3 f5 17. g3 g5 18. Bh5 Re7 19. Kf1 Ne4 20. c3 Bd6 21. Re1 Ne5 22. Be2 Rf7 23. f3 Nc5 24. Bxg5 1-0

[Event "*** Titled Tuesday Blitz"]
[Site "Chess.com"]
[Date "2019.04.02"]
[Round "10"]
[White "Koksal06"]
[Black "sere99"]
[Result "0-1"]
[WhiteElo "2347"]
[BlackElo "2323"]
[TimeControl "180+2"]
[EndTime "16:16:29 PDT"]
[Termination "sere99 won by resignation"]

1. d4 d5 2. c4 e6 3. Nc3 Nf6 4.
Nf3 c6 5. Bg5 dxc4 6. e4 b5 7.
e5 h6 8. Bh4 g5 9. Nxg5 hxg5 10. Bxg5 Be7 11. exf6 Bxf6 12. Bxf6 Qxf6 13. g3 Bb7 14.
Bg2 Na6 15. O-O O-O-O 16. a4 Rxd4 17. Qe2 b4 18. Ne4 Qe5 19. Rac1 f5 20. f4 Rxe4 21. Bxe4 Qd4+ 22. Qf2 Qxf2+ 23. Kxf2 fxe4 24. h4 c3 25. bxc3 b3 26. Ke3 Nc5 27. c4 b2 28. Rb1 Nxa4 29.
Rh1 c5 30. h5 Nb6 31. Kd2 e3+ 32.
Kxe3 Bxh1 33. Rxh1 Nxc4+ 34. Ke4 Rxh5 35. Rxh5 b1=Q+ 0-1

[Event "*** Titled Tuesday Blitz"]
[Site "Chess.com"]
[Date "2019.04.02"]
[Round "10"]
[White "INLOVEWITHF"]
[Black "WPWPWP-2015"]
[Result "1-0"]
[WhiteElo "2280"]
[BlackElo "2364"]
[TimeControl "180+2"]
[EndTime "16:16:31 PDT"]
[Termination "INLOVEWITHF won by resignation"]

1. e4 c5 2. Nf3 e6 3. d4 cxd4 4. Nxd4 Nc6 5. Nc3 Qc7 6. Be3 a6 7. a3 Nf6 8. f4 d6 9. Qf3 Be7 10. O-O-O Nxd4 11. Bxd4 e5 12. fxe5 dxe5 13. Qg3 Ng4 14. Nd5 Bg5+ 15. Kb1 Qc6 16. Bxe5 O-O 17. h3 Nxe5 18. Qxg5 Ng6 19. Qxg6 Qxg6 20. Ne7+ Kh8 21. Nxg6+ hxg6 22. Bc4 b5 23. Bd5 Ra7 24. Rhf1 Re7 25. Bxf7 Rexf7 26. Rxf7 Rxf7 27. Rd8+ Kh7 28. Rxc8 Re7 29.
Rc6 Rxe4 30. Rxa6 Re1+ 31. Ka2 Re2 32. Rb6 Rxc2 33. Rxb5 Rxg2 34. a4 Rh2 35. a5 Rxh3 36. a6 Rf3 37. a7 Rf4 38. Ra5 g5 39. a8=Q 1-0

[Event "*** Titled Tuesday Blitz"]
[Site "Chess.com"]
[Date "2019.04.02"]
[Round "10"]
[White "vladimirdamjanovic"]
[Black "Last7Samurai"]
[Result "0-1"]
[WhiteElo "2564"]
[BlackElo "2746"]
[TimeControl "180+2"]
[EndTime "16:16:34 PDT"]
[Termination "Last7Samurai won by resignation"]

1. e4 e6 2. d4 d5 3. Nc3 Nf6 4. Bg5 dxe4 5. Nxe4 Be7 6. Bxf6 gxf6 7. g3 f5 8. Nc3 Bf6 9. Nge2 Nc6 10. d5 Ne5 11. Bg2 Qe7 12. O-O h5 13. Nf4 h4 14. Re1 hxg3 15.
hxg3 Kf8 16. dxe6 Bxe6 17. Ncd5 Bxd5 18. Nxd5 Qd6 19. Nxf6 Qxf6 20. Qd5 Ng4 21. Qxb7 Kg7 22. Qxa8 Rxa8 23. Bxa8 Qxb2 24. Bf3 Ne5 25. Bg2 Ng4 26. Bh3 Ne5 27. Bg2 Ng6 28. Rad1 f4 29. Be4 fxg3 30. fxg3 Ne5 31. Rd5 Qc3 32. Rf1 Qxg3+ 33. Bg2 Qe3+ 34. Kh1 Ng4 35. Rh5 f6 36. Rh3 Nf2+ 37.
Kh2 Nxh3 38. Bxh3 Qe2+ 39. Bg2 Qxc2 40. a3 c5 41. Rf3 c4 42. Rg3+ Kf8 43. Kh3 c3 44. Bd5 Qf5+ 0-1

[Event "*** Titled Tuesday Blitz"]
[Site "Chess.com"]
[Date "2019.04.02"]
[Round "10"]
[White "MikaelyanArman"]
[Black "GukeshDommaraju"]
[Result "0-1"]
[WhiteElo "2738"]
[BlackElo "2644"]
[TimeControl "180+2"]
[EndTime "16:16:35 PDT"]
[Termination "GukeshDommaraju won by resignation"]

1. e4 c5 2. Nc3 d6 3. f4 Nc6 4. Nf3 g6 5. Bb5 Bg7 6. O-O e6 7. Bxc6+ bxc6 8. d3 Ne7 9. Qe1 h6 10. Qh4 Rb8 11. Kh1 a5 12. g4 d5 13. e5 h5 14. Ng5 hxg4 15. Qxg4 Nf5 16. Ne2 c4 17. d4 c5 18. c3 cxd4 19. Nxd4 Nxd4 20. cxd4 Qb6 21.
Nxf7 Kxf7 22. Rg1 Rh6 23. f5 exf5 24. Qd1 Rh4 25. Be3 Qxb2 26. Rg2 Qc3 27. Qg1 Rg4 28.
Rxg4 fxg4 29. Rf1+ Bf5 30. Qg2 Ke6 31. Qg3 Rb2 32. h3 Be4+ 33. Kg1 Rg2+ 0-1